 Dungeon Crawl Stone Soup version 0.30.2 (webtiles) character file.

Game seed: 5320277667644616937

336 porpoise the Shooter (level 6, -2/55 HPs)
             Began as a Minotaur Hunter on Jan 26, 2024.
             Was an Initiate of Hepliaklqana.
             Slain by a gnoll sergeant
             ... wielding a +3 trident of protection
              (7 damage)
             ... on level 4 of the Dungeon.
             The game lasted 00:08:29 (3770 turns).

porpoise the Shooter (Minotaur Hunter)              Turns: 3770, Time: 00:08:29

Health: -2/55      AC:  6    Str: 16    XL:     6   Next: 28%
Magic:  5/5        EV: 11    Int:  6    God:    Hepliaklqana [......]
Gold:   272        SH:  0    Dex: 15    Spells: 5/5 levels left

rFire   . . .        a - +0 shortbow
rCold   . . .        (shield currently unavailable)
rNeg    . . .        g - +0 ring mail
rPois   .            (helmet restricted)
rElec   .            (no cloak)
rCorr   .            (no gloves)
SInv    .            f - +0 pair of boots
Will    .....        (no amulet)
Stlth   +            (no ring)
HPRegen 0.29/turn    (no ring)
MPRegen 0.09/turn

%: no passive effects
@: no status effects
A: horns 2, retaliatory headbutt
a: Renounce Religion


You were on level 4 of the Dungeon.
You worshipped Hepliaklqana.
Hepliaklqana was noncommittal.
You visited 2 branches of the dungeon, and saw 6 of its levels.

You collected 272 gold pieces.

Inventory:

Hand Weapons
 a - a +0 shortbow (weapon)
 b - the +7 whip "Yretim" {vamp, Will+}
   (You found it on level 4 of the Dungeon)

   Will:      It increases your willpower.
 n - a +0 rapier
Missiles
 j - a throwing net
 l - 13 poisoned darts
Armour
 f - a +0 pair of boots (worn)
 g - a +0 ring mail (worn)
Wands
 o - a wand of quicksilver (8)
Scrolls
 c - 3 scrolls of teleportation
 k - a scroll of noise {unknown}
 q - a scroll of blinking {unknown}
 s - 2 scrolls of immolation
Potions
 d - 5 potions of mutation
 e - a potion of might {unknown}
 h - 2 potions of heal wounds
 i - 3 potions of curing {unknown}
 m - a potion of attraction {unknown}
 p - 2 potions of berserk rage {unknown}
 r - 2 potions of invisibility {unknown}
 t - a potion of haste {unknown}


   Skills:
 + Level 4.8 Fighting
 * Level 7.1 Ranged Weapons
 - Level 2.0 Armour
 - Level 2.1 Dodging
 - Level 0.7 Stealth


You had 5 spell levels left.
You didn't know any spells.
Your spell library contained the following spells:

 Spells                   Type           Power      Damage    Failure   Level
 Cigotuvi's Dreadful Rot  Necr/Pois/Air  0%         N/A       80%         2
 Ignite Poison            Fire/Tmut/Pois 0%         N/A       95%         3
 Freezing Cloud           Conj/Ice/Air   0%         6-21      100%        5


Dungeon Overview and Level Annotations

Branches:
Dungeon (5/15)             Temple (1/1) D:4

Altars:
Ashenzari
Cheibriados
Dithmenos
Fedhas
Gozag
Hepliaklqana
Kikubaaqudgha
Makhleb
Nemelex Xobeh
Okawaru
Qazlal
Ru
Trog
Uskayaw
Vehumet
Wu Jian
Xom
Yredelemnul
Zin
The Shining One


Innate Abilities, Weirdness & Mutations

You have a pair of horns on your head.
You reflexively headbutt those who attack you in melee.


Message History

You shoot an arrow. The gnoll sergeant blocks the arrow.
A gnoll comes into view. It is wielding a +0 whip. x2
The gnoll sergeant hits you from afar with a +3 trident of protection.
You shoot an arrow.
The arrow hits the gnoll sergeant but does no damage.
The gnoll sergeant hits you from afar with a +3 trident of protection!
The gnoll hits the plant with a +0 spear.
The gnoll hits the plant with a +0 whip!
You shoot an arrow.
The arrow hits the gnoll sergeant but does no damage.
The gnoll sergeant hits you from afar with a +3 trident of protection!
A gnoll comes into view. It is wielding a +3 spear.
The gnoll hits the plant with a +0 whip.
The plant begins to die.
The gnoll hits the plant with a +0 spear.
The plant begins to die.
The gnoll sergeant hits you from afar with a +3 trident of protection.
A nearby plant withers and dies.
The gnoll hits the plant with a +0 whip.
The plant begins to die.
The gnoll sergeant hits you with a +3 trident of protection.
An orc priest comes into view.
It is wielding a +0 club and wearing a +0 leather armour of cold resistance.
There is a stone staircase leading up, spattered with blood here.
The gnoll completely misses the plant.
The gnoll sergeant hits you with a +3 trident of protection!
The gnoll hits the plant with a +0 whip!
The orc priest invokes the aid of Beogh against you.
Beogh smites you!
* * * LOW HITPOINT WARNING * * *
You hear a shout!
You climb upwards.
There is a stone staircase leading down here.
You shoot an arrow. The arrow hits the gnoll sergeant.
The gnoll sergeant is lightly wounded.
The gnoll sergeant hits you with a +3 trident of protection!
* * * LOW HITPOINT WARNING * * *
You shoot an arrow.
The arrow barely misses the gnoll sergeant.
The gnoll sergeant hits you with a +3 trident of protection!
You die...

.........# ########.## #
##(..## ######.....#####
...............##########
######.....###.........>#
##...#.....#######.#
##.##.....#######.##
#.##.....@........#
#.##....g#######..######
##.##..<..# #.......##
####...###.### ##.......#
####....#.<...#
############..##
......#...#####
#...............
...#<.##.##
#.##########..##
.#.#..##.# #.# #..##
.#.#..##.#########.#
#..##


You could see a gnoll sergeant (swift).

Vanquished Creatures
  2 scorpions (D:4)
  An iron imp (D:3)
  An orc priest (D:3)
  A jelly (D:4)
  4 gnolls (D:2)
  3 adders (D:2)
  2 orcs (D:3)
  8 endoplasms
  3 giant cockroaches
  6 goblins
  5 hobgoblins
  3 quokkas (D:1)
  5 ball pythons
  6 bats
  2 frilled lizards (D:1)
  7 kobolds
  5 rats
64 creatures vanquished.

Notes
Turn   | Place    | Note
-------+----------+-------------------------------------------
     0 | D:1      | porpoise the Minotaur Hunter began the quest for the Orb.
     0 | D:1      | Reached XP level 1. HP: 18/18 MP: 0/0
   251 | D:1      | Reached XP level 2. HP: 25/25 MP: 1/1
   469 | D:1      | Found a faded altar of an unknown god.
   857 | D:2      | Reached skill level 5 in Ranged Weapons
   857 | D:2      | Reached XP level 3. HP: 31/31 MP: 2/2
   861 | D:2      | Reached skill level 1 in Armour
  1158 | D:2      | Reached XP level 4. HP: 14/38 MP: 3/3
  1929 | D:3      | Found a snail-covered altar of Cheibriados.
  1947 | D:3      | Reached skill level 6 in Ranged Weapons
  1947 | D:3      | Reached XP level 5. HP: 35/46 MP: 4/4
  2302 | D:3      | Found a basalt altar of Yredelemnul.
  2760 | D:4      | Found a staircase to the Ecumenical Temple.
  2765 | D:4      | Identified the +7 whip "Yretim" {vamp, Will+}
  2771 | Temple   | Entered the Ecumenical Temple
  2947 | Temple   | Became a worshipper of Hepliaklqana the Forgotten
  3157 | D:4      | Found a bloodstained altar of Trog.
  3358 | D:4      | Reached skill level 7 in Ranged Weapons
  3358 | D:4      | Reached XP level 6. HP: 30/53 MP: 5/5
  3758 | D:5      | Entered Level 5 of the Dungeon
  3770 | D:4      | Slain by a gnoll sergeant

Illustrated notes

Levels and vault maps discovered:
D:1:      dpeg_arrival_orchard, layout_basic, hellmonk_ecumenical_altar_lost_god
D:2:      layout_basic, nicolae_eternal_life, palyth_stone_intersect
D:3:      layout_loops_ring, mainiacjoe_overflow_tiny_flanked, slow_altar_2
D:4:      layout_loops_ring, amcnicky_altar_gilded,
          minmay_temple_entry_purple_smoke, chequers_mini_garden
D:5:      layout_loops_ring, elyvilon_altar_5, st_stairs_4,
          nicolae_grassy_gnolls
Temple:   bh_familiar_temple

Skill      XL: |  1  2  3  4  5 |
---------------+----------------+-----
Fighting       | 3 4 |  4.8
Ranged Weapons | 5 6 7 |  7.1
Armour         | 1 2 |  2.0
Dodging        | |  2.1
Stealth        | |  0.7

Action                     |  1- 3 |  4- 6 || total
---------------------------+-------+-------++-------
  Melee: Whip              |       |     6 ||     6
         Headbutt          |       |     1 ||     1
   Fire: Shortbow          |    72 |   117 ||   189
    Use: Scroll            |     3 |     1 ||     4
 Armour: Ring mail         |     3 |    11 ||    14
  Dodge: Dodged            |    11 |    28 ||    39
